 Dungeon Crawl Stone Soup version 0.26-a0-520-g952f204493 (webtiles) character file.

Game seed: 2174601529005374798

19961 ANON1729 the Impaler (level 12, -1/99 HPs)
             Began as a Merfolk Gladiator on Aug 12, 2020.
             Was an Elder of Fedhas.
             Slain by Jorgrun
             ... wielding a +0 vorpal quarterstaff
              (13 damage)
             ... on level 13 of the Dungeon.
             The game lasted 00:40:58 (16151 turns).

ANON1729 the Impaler (Merfolk Gladiator)           Turns: 16151, Time: 00:40:59

Health: -1/99      AC: 10    Str: 19    XL:     12   Next: 74%
Magic:  12/17      EV: 20    Int:  7    God:    Fedhas [****..]
Gold:   11         SH:  0    Dex: 22    Spells: 11/11 levels left

rFire    . . .     SeeInvis +   C - +0 trident (protect)
rCold    . . .     Faith    +   (no shield)
rNeg     . . .     Spirit   .   x - +3 leather armour {MR+}
rPois    .         Reflect  .   c - +0 helmet
rElec    .         Harm     .   (no cloak)
rCorr    .                      (no gloves)
MR       +....                  u - +2 pair of boots
Stlth    ++........             E - amulet of faith
HPRegen  0.26/turn              t - +6 ring of dexterity
MPRegen  0.15/turn              N - ring of see invisible

@: grasped by roots, constricted
A: change form in water, swift swim, stealthy swim
a: Wall of Briars, Grow Ballistomycete, Overgrow, Renounce Religion


You were on level 13 of the Dungeon.
You worshipped Fedhas.
Fedhas was greatly pleased with you.
You visited 2 branches of the dungeon, and saw 14 of its levels.
You visited 1 bazaar.
You also visited: Bailey.

You collected 723 gold pieces.
You spent 712 gold pieces at shops.

Inventory:

Hand Weapons
 C - a +0 trident of protection (weapon)
Missiles
 d - 3 throwing nets
 J - 52 boomerangs (quivered)
Armour
 c - a +0 helmet (worn)
 u - a +2 pair of boots (worn)
 x - a +3 leather armour of magic resistance (worn)
 K - a +0 troll leather armour
Jewellery
 t - a +6 ring of dexterity (left hand)
 E - an amulet of faith (around neck)
 F - an uncursed amulet of guardian spirit
 G - an uncursed ring of positive energy
 L - an uncursed amulet of reflection
 N - a ring of see invisible (right hand)
Wands
 y - a wand of disintegration (16)
 B - a wand of random effects (9)
 I - a wand of acid (26)
Scrolls
 a - 7 scrolls of blinking
 h - 2 scrolls of fog
 j - 4 scrolls of immolation
 k - 11 scrolls of teleportation
 l - a scroll of random uselessness
 q - 2 scrolls of enchant weapon
 r - 6 scrolls of amnesia
 s - 3 scrolls of enchant armour
 v - 7 scrolls of remove curse
 z - a scroll of magic mapping
 M - 5 scrolls of identify
Potions
 f - a potion of haste
 g - 7 potions of curing
 i - a potion of lignification
 m - 5 potions of heal wounds
 n - a potion of brilliance {unknown}
 o - a potion of resistance {unknown}
 p - a potion of invisibility {unknown}
 w - 2 potions of magic
 A - 2 potions of stabbing
 D - a potion of flight {unknown}
Miscellaneous
 b - a phantom mirror
 e - a lightning rod (3/4)


   Skills:
 + Level 10.6 Fighting
 * Level 16.0 Polearms
 + Level 9.9 Throwing
 - Level 12.0 Dodging
 * Level 6.7 Invocations


You had 11 spell levels left.
You didn't know any spells.
Your spell library contained the following spells:

 Spells                   Type           Power        Failure   Level
 Corona                   Hex            #......      50%         1
 Sandblast                Erth           #.....       50%         1
 Ensorcelled Hibernation  Hex/Ice        #.....       63%         2
 Passwall                 Tmut/Erth      #.......     63%         2
 Confusing Touch          Hex            #.......     86%         3
 Dazzling Flash           Conj/Hex       #.....       86%         3
 Mephitic Cloud           Conj/Pois/Air  #.......     86%         3
 Stone Arrow              Conj/Erth      #.....       86%         3
 Tukima's Dance           Hex            #.......     86%         3
 Leda's Liquefaction      Hex/Erth       #.........   99%         4
 Petrify                  Tmut/Erth      #.......     99%         4
 Lee's Rapid Deconstruct  Erth           #.........   100%        5
 Lightning Bolt           Conj/Air       #.........   100%        5
 Summon Mana Viper        Hex/Summ       #.......     100%        5


Dungeon Overview and Level Annotations

Branches:
Dungeon (14/15)            Temple (1/1) D:4            Lair (0/6) D:10
 Bailey (visited)
    Orc: D:9-12      Vaults: D:13-14

Altars:
Ashenzari
Cheibriados
Dithmenos
Elyvilon
Fedhas
Gozag
Hepliaklqana
Kikubaaqudgha
Makhleb
Nemelex Xobeh
Okawaru
Qazlal
Ru
Sif Muna
Trog
Uskayaw
Vehumet
Wu Jian
Xom
Yredelemnul
Zin
The Shining One

Shops:
D:4 (   D:7 [   D:8 ?

Annotations:
D:1 exclusion: downstairs
D:7 1 runed translucent door, rasy's ghost, novice MiHu
D:9 exclusion: ugly thing
D:13 Jorgrun


Message History

Okay, then.
You walk carefully through the plants.
Jorgrun says, "May tha earth consume ye!"
A slime creature comes into view.
The deep elf mage casts a spell.
Unknown command.
Press: ? - help, Dir - move target cursor, p - Jorgrun A ballistomycete grows from the ground.
The slime creature quivers.
Jorgrun casts a spell at you.
Roots burst forth from the earth!
The grasping roots grab you! The grasping roots constrict you!
The centaur warrior zombie hits you.
The roots' grasp on you weakens, but your attempt to escape fails.
The centaur warrior zombie hits you but does no damage.
Jorgrun casts a spell at you. The iron shot hits you!!!
* * * LOW HITPOINT WARNING * * *
You die...
Fedhas appreciates your contribution to the ecosystem.

**,,,..............#........,
*,,,,......##.##............,
**,,,......#...#......,,,,,,*
*,,,,........∩....#....,,,,,*
*,,,,..###.#...#..##...,*,,,,
****,,*##..##.##.##....,,,**,
**,**#.......g$......,,,*,, ****
**,,.###..P.PPP.E.....,,,,,, ,*,*
*,,,......Z@P.P.e.....,,,,,,
,,,***,,,..J.....PP........**,,,,
,,,,*,,,,...............#..***,,*
,,,,,,,>,...........!#..#,#***,,*
,,,,,,,,,.........#..#..#,,,,,,,,
*,,,,,,,,.........##....#*,,,,,*,
,,,,,,,,,..##.....#*....#,,*,,,*,
,,*,,,,,*#.*#..####*...$,,,***,,,
****,,,,,,,**,,,****,,,,,,,,,,,**


You could see Jorgrun, a slime creature, an earth elemental (summoned), a deep
elf mage, a centaur warrior zombie and a friendly ballistomycete (summoned).

Vanquished Creatures
  A hydra (D:10)
  6 two-headed ogres
  A catoblepas (D:9)
  An orc sorcerer (D:9)
  A deep elf mage (D:9)
  An orc knight (Bailey)
  2 ugly things (D:11)
  A manticore (D:14)
  A gargoyle (D:14)
  A kobold demonologist (D:9)
  An efreet (D:14)
  A troll (D:10)
  A hornet (D:14)
  Prince Ribbit (D:5)
  Grinder (D:3)
  A hippogriff (D:10)
  Sigmund (D:2)
  A shadow (D:10)
  2 wraiths
  7 yaks
  A wyvern (D:13)
  Eustachio (D:4)
  A basilisk (D:10)
  Duvessa (D:4)
  A black bear (D:9)
  3 porcupines (D:10)
  12 orc warriors
  3 ice beasts
  An eye of draining (D:9)
  4 sky beasts
  5 ogres
  2 phantoms
  4 centaurs
  5 crocodiles
  A big kobold (D:11)
  Blork the orc (D:4)
  6 bullfrogs
  A wyvern zombie (D:10)
  Dowan (D:3)
  2 jellies
  3 scorpions
  7 wights
  5 howler monkeys
  3 bullfrog zombies
  8 hounds
  2 bullfrog skeletons
  2 centaur zombies (D:9)
  6 orc priests
  14 orc wizards
  4 iguanas
  Ijyb (D:4)
  12 worker ants
  A killer bee zombie (D:9)
  2 hound skeletons
  2 worker ant zombies
  Robin (D:2)
  2 gnolls
  19 adders
  A shadow imp (D:9)
  A white imp (D:8)
  3 oozes
  3 ufetubi
  An adder zombie (D:9)
  An adder skeleton (D:11)
  A worm (D:2)
  7 leopard geckos
  44 orcs
  7 giant cockroaches
  19 goblins
  11 hobgoblins
  18 jackals
  25 kobolds
  3 quokkas
  7 bats
  A frilled lizard (D:2)
  2 jackal skeletons (D:4)
  A leopard gecko zombie (D:6)
  A quokka skeleton (D:5)
  3 rats
343 creatures vanquished.

Vanquished Creatures (collateral kills)
  An ironheart preserver (D:14)
  An ugly thing (D:14)
  A manticore (D:13)
  A deep elf mage (D:14)
  2 hornets
  An ogre (D:14)
7 creatures vanquished.

Vanquished Creatures (others)
  5 bushes (D:10)
  6 fungi (D:10)
  13 plants (D:10)
  2 withered plants (D:7)
26 creatures vanquished.

Grand Total: 376 creatures vanquished

Notes
Turn   | Place    | Note
-------+----------+-------------------------------------------
     0 | D:1      | ANON1729 the Merfolk Gladiator began the quest for the Orb.
     0 | D:1      | Reached XP level 1. HP: 16/16 MP: 1/1
   260 | D:1      | Reached XP level 2. HP: 23/23 MP: 2/2
   771 | D:2      | Noticed Sigmund
   776 | D:1      | Reached XP level 3. HP: 13/28 MP: 3/3
  1103 | D:2      | Reached skill level 5 in Polearms
  1146 | D:2      | Reached XP level 4. HP: 13/34 MP: 4/4
  1854 | D:2      | Killed Sigmund
  1854 | D:2      | Reached skill level 6 in Polearms
  1854 | D:2      | Reached skill level 5 in Dodging
  1854 | D:2      | Reached XP level 5. HP: 38/42 MP: 5/5
  1854 | D:2      | Reached XP level 6. HP: 43/48 MP: 6/6
  2399 | D:3      | Noticed Grinder
  2412 | D:3      | Paralysed by Grinder for 5 turns
  2420 | D:3      | Paralysed by Grinder for 6 turns
  2430 | D:3      | Paralysed by Grinder for 3 turns
  2452 | D:3      | Killed Grinder
  2452 | D:3      | Reached XP level 7. HP: 13/55 MP: 7/7
  2737 | D:3      | Found an ornate altar of the Wu Jian Council.
  3347 | D:2      | Noticed Robin
  3361 | D:2      | Killed Robin
  3661 | D:4      | Noticed Blork the orc
  3680 | D:4      | Killed Blork the orc
  3680 | D:4      | Reached skill level 7 in Polearms
  3782 | D:4      | Noticed Duvessa
  3792 | D:4      | Noticed Dowan
  3810 | D:4      | Noticed Eustachio
  3813 | D:5      | Entered Level 5 of the Dungeon
  4365 | D:3      | Reached skill level 5 in Fighting
  4477 | D:4      | Killed Duvessa
  4477 | D:4      | Reached XP level 8. HP: 34/62 MP: 8/8
  4639 | D:3      | Killed Dowan
  4639 | D:3      | Reached skill level 5 in Throwing
  4643 | D:4      | Reached skill level 8 in Polearms
  4684 | D:4      | Killed Eustachio
  4798 | D:4      | Found a staircase to the Ecumenical Temple.
  4875 | D:4      | Noticed Ijyb
  4919 | D:4      | Killed Ijyb
  5090 | D:4      | Found Fiukiceo's Weapon Emporium.
  5095 | D:4      | Bought a +0 trident of protection for 86 gold pieces
  5612 | D:5      | Noticed Prince Ribbit
  5636 | D:5      | Reached skill level 9 in Polearms
  5666 | D:5      | Reached XP level 9. HP: 22/70 MP: 9/9
  5829 | D:5      | Killed Prince Ribbit
  5982 | D:5      | You fall into a shaft and drop 1 floor!
  6492 | D:6      | Found a snail-covered altar of Cheibriados.
  6497 | D:6      | Found a white marble altar of Elyvilon.
  6706 | Temple   | Entered the Ecumenical Temple
  6715 | Temple   | Became a worshipper of Fedhas Madash
  7839 | D:7      | Reached skill level 10 in Polearms
  8028 | D:7      | Found a runed translucent door.
  8028 | D:7      | Noticed rasy's ghost (novice MiHu)
  8113 | D:7      | Found Jiamitau's Armour Shop.
  8498 | D:8      | Noticed a two-headed ogre
  8510 | D:8      | Killed a two-headed ogre
  8510 | D:8      | Reached * piety under Fedhas
  8510 | D:8      | Reached XP level 10. HP: 13/80 MP: 10/10
  8514 | D:8      | Found an opulent altar of Gozag.
  8535 | D:8      | Found Fush's Magic Scroll Emporium.
  8556 | D:8      | Bought a scroll of identify for 28 gold pieces
  8556 | D:8      | Bought a scroll of identify for 28 gold pieces
  8556 | D:8      | Bought a scroll of fog for 28 gold pieces
  8556 | D:8      | Bought a scroll of blinking for 105 gold pieces
  8556 | D:8      | Bought a scroll of magic mapping for 49 gold pieces
  8735 | D:8      | Found a flagged portal.
  8744 | D:8      | Got a crude hand axe
  8767 | Bailey   | Entered a bailey
  8953 | Bailey   | Reached ** piety under Fedhas
  8963 | Bailey   | Reached skill level 10 in Dodging
  8971 | Bailey   | Reached skill level 11 in Polearms
  8977 | Bailey   | Noticed an orc knight
  9038 | Bailey   | Killed an orc knight
  9409 | D:8      | Noticed a two-headed ogre
  9423 | D:8      | Killed a two-headed ogre
  9626 | D:8      | Found an iron altar of Okawaru.
  9628 | D:8      | Reached skill level 12 in Polearms
  9957 | D:9      | Found a shadowy altar of Dithmenos.
  9977 | D:9      | Reached *** piety under Fedhas
 10258 | D:9      | Noticed a two-headed ogre
 10283 | D:9      | Killed a two-headed ogre
 10283 | D:9      | Reached skill level 13 in Polearms
 10283 | D:9      | Reached XP level 11. HP: 46/89 MP: 0/11
 10955 | D:9      | Noticed an orc sorcerer
 10986 | D:9      | Reached **** piety under Fedhas
 10988 | D:9      | Killed an orc sorcerer
 10998 | D:9      | Noticed a deep elf mage
 11017 | D:9      | Killed a deep elf mage
 11372 | D:9      | Identified Usyupnol's Guide on Hurtful Bewitchment
 11374 | D:9      | Got a dazzling quarterstaff
 11379 | D:9      | Noticed a brown ugly thing
 11380 | D:9      | Found the +7 sceptre of Torment {pain, torment}
 11381 | D:9      | Identified the cursed +1 hand axe "Hinugonu" {flame, Dex+3}
                  | (You found it on level 8 of the Dungeon)
 11384 | D:9      | Identified the +1 quarterstaff "Qiodimuck" {holy, *Rage
                  | rF++ rC- Int+4} (You found it on level 9 of the Dungeon)
 11402 | D:9      | Noticed a catoblepas
 11437 | D:9      | Killed a catoblepas
 11606 | D:9      | Reached skill level 14 in Polearms
 12023 | D:10     | Entered Level 10 of the Dungeon
 12308 | D:10     | Reached skill level 1 in Invocations
 12677 | D:10     | Found a staircase to the Lair.
 12793 | D:10     | Reached ***** piety under Fedhas
 13289 | D:11     | Noticed an eight-headed hydra
 13299 | D:11     | Noticed a purple ugly thing
 13591 | D:10     | Killed an eight-headed hydra
 13591 | D:10     | Reached skill level 10 in Fighting
 13591 | D:10     | Reached XP level 12. HP: 31/97 MP: 11/14
 13859 | D:11     | Noticed a two-headed ogre
 13886 | D:11     | Killed a two-headed ogre
 14041 | D:11     | Reached skill level 15 in Polearms
 14262 | D:11     | Noticed a two-headed ogre
 14263 | D:11     | Noticed a two-headed ogre
 14333 | D:11     | Killed a two-headed ogre
 14333 | D:11     | Reached skill level 5 in Invocations
 14355 | D:11     | Killed a two-headed ogre
 15121 | D:11     | You fall into a shaft and drop 3 floors!
 15381 | D:14     | Noticed an ironheart preserver
 15411 | D:14     | Killed an ironheart preserver
 15647 | D:13     | Reached skill level 16 in Polearms
 15652 | D:13     | Found a flickering gateway to a bazaar.
 15673 | Bazaar   | Entered a bazaar
 15702 | Bazaar   | Found Resiukk's Magic Scroll Emporium.
 15717 | Bazaar   | Found Tufui's Weapon Emporium.
 15717 | Bazaar   | Found Utoyplicw's Weapon Shoppe.
 15738 | Bazaar   | Found Xoygec's Magic Scroll Emporium.
 15753 | Bazaar   | Found Luvoiniq's Gadget Emporium.
 16045 | Bazaar   | Bought 3 scrolls of identify for 48 gold pieces
 16045 | Bazaar   | Bought a scroll of magic mapping for 28 gold pieces
 16045 | Bazaar   | Bought a scroll of remove curse for 24 gold pieces
 16045 | Bazaar   | Bought a scroll of enchant armour for 60 gold pieces
 16045 | Bazaar   | Bought a scroll of teleportation for 24 gold pieces
 16045 | Bazaar   | Bought a scroll of amnesia for 28 gold pieces
 16045 | Bazaar   | Bought a scroll of blinking for 60 gold pieces
 16045 | Bazaar   | Bought a scroll of remove curse for 24 gold pieces
 16045 | Bazaar   | Bought a scroll of amnesia for 28 gold pieces
 16045 | Bazaar   | Bought a scroll of identify for 16 gold pieces
 16081 | Bazaar   | Bought a scroll of teleportation for 48 gold pieces
 16132 | D:13     | Noticed Jorgrun
 16151 | D:13     | Slain by Jorgrun

Illustrated notes

Levels and vault maps discovered:
D:1:      shiori_arrival_oz, layout_basic, chequers_serial_rivers_large_b
D:2:      layout_basic, uniq_sigmund, uniq_robin
D:3:      minmay_skewed_foursquare, layout_loops_cross, old_standard_altar,
          uniq_grinder
D:4:      layout_loops_ring, temple_statues, serial_shops,
          kennysheep_little_box, uniq_blork_the_orc, uniq_ijyb, uniq_duvessa,
          uniq_eustachio
D:5:      layout_rooms, uniq_prince_ribbit1
D:6:      layout_gridville, nicolae_overflow_hidden_temple, serial_rivers,
          chequers_serial_rivers_micro_d, chequers_serial_rivers_large_a,
          chequers_serial_rivers_small_3, chequers_serial_rivers_small_a,
          chequers_serial_rivers_small_3, minmay_misc_feat_roman
D:7:      layout_basic, serial_shops,
          nicolae_shop_temple_entry_statues_fountains, gammafunk_ghost_grave
D:8:      layout_loops_ring, nicolae_overflow_crystal_walls, serial_shops, shop,
          enter_bailey_2, basic_altar
D:9:      minmay_the_grid_4x2 [minmay_the_grid_all_tris,
          minmay_the_grid_minigrid_medium, minmay_the_grid_plusring,
          minmay_the_grid_tri_star, minmay_the_grid_tree,
          minmay_the_grid_diamond_grid, minmay_the_grid_medium_cups,
          minmay_the_grid_prize_four_corners_diamond_a], layout_loops_corners,
          serial_bayou, serial_bayou_ford_a, serial_bayou_crossing,
          nicolae_dithmenos_shadow_blocks
D:10:     layout_roguey, minmay_lair_entry_grove
D:11:     kennysheep_ambush_hall, layout_basic
D:13:     layout_cave_pools, serial_shops, bzr_entry_gold, uniq_jorgrun
D:14:     layout_gridville, skrybe_vaults_entry_preservation,
          hangedman_abyss_or_decor_stagger, hangedman_tree_tricks, kb_rosetta
Temple:   nicolae_temple_no_exploring_needed

Skill      XL: |  1  2  3  4  5  6  7  8  9 10 11 12 |
---------------+-------------------------------------+-----
Polearms       | 5 6 7 9 10 13 14 16 | 16.0
Fighting       | 3 4 5 6 7 9 10 | 10.6
Throwing       | 3 4 5 7 8 9 |  9.9
Dodging        | 5 6 7 8 9 11 12 | 12.0
Invocations    | 3 6 |  6.7

Action                   |  1- 3 |  4- 6 |  7- 9 | 10-12 || total
-------------------------+-------+-------+-------+-------++-------
Melee: Trident           |    85 |   110 |   634 |  1081 ||  1910
       Tailslap          |       |       |       |    10 ||    10
Throw: Boomerang         |       |       |       |    89 ||    89
Invok: Wall of Briars    |       |       |       |     6 ||     6
       Grow Oklob        |       |       |       |     3 ||     3
       Grow Ballistomyce |       |       |       |     1 ||     1
Evoke: Wand              |       |       |       |    10 ||    10
       Lightning rod     |       |       |       |     4 ||     4
  Use: Potion            |       |     1 |     1 |       ||     2
       Scroll            |       |       |    13 |     8 ||    21
 Stab: Sleeping          |     2 |       |    10 |     4 ||    16
       Distracted        |       |       |     1 |     2 ||     3
Armor: Leather armour    |    26 |    19 |   181 |   155 ||   381
Dodge: Dodged            |    49 |    68 |   586 |   771 ||  1474

Table legend: (Time is in decaauts)
 A = Elapsed time spent in this place.
 B = Non-inter-level travel time spent in this place.
 C = Inter-level travel time spent in this place.
 D = Time resting spent in this place.
 E = Time spent auto-exploring this place.
 F = Levels seen in this place.
 G = Mean time per level.
                   A        B        C        D        E       F      G
               +--------+--------+--------+--------+--------+-----+--------+
         Total |  15623 |  15035 |    588 |   5926 |   6063 |  16 |  976.4 |
       Dungeon |  14645 |  14065 |    580 |   5503 |   5906 |  13 | 1126.5 |
        Temple |     16 |      9 |      7 |      0 |      0 |   1 |   16.0 |
        Bazaar |    439 |    439 |      0 |    206 |     81 |   1 |  439.0 |
        Bailey |    522 |    522 |      0 |    217 |     76 |   1 |  522.0 |
               +--------+--------+--------+--------+--------+-----+--------+

Top non-repeatable levels by time:
     D:9: 1967 daAuts
    D:10: 1709 daAuts
     D:3: 1629 daAuts
     D:4: 1304 daAuts
     D:2: 1269 daAuts
    D:11: 1194 daAuts
     D:7: 1108 daAuts
     D:1: 1085 daAuts
     D:8: 969 daAuts
     D:5: 953 daAuts
     D:6: 898 daAuts
  Bailey: 522 daAuts
  Bazaar: 439 daAuts
    D:14: 420 daAuts
    D:13: 135 daAuts
